 Dungeon Crawl Stone Soup version 0.26.1-2-gb8aa6d0cf2 (webtiles) character file.

Game seed: 83833398793699539

96517 Gadfly the Severer (level 15, -7/122 HPs)
             Began as a Demonspawn Berserker on Feb 16, 2021.
             Was a High Priest of Trog.
             Splashed by a tengu reaver's acid (9 damage)
             ... on level 13 of the Dungeon.
             The game lasted 00:54:08 (30486 turns).

Gadfly the Severer (Demonspawn Berserker)          Turns: 30486, Time: 00:54:09

Health: -7/122     AC: 17    Str: 19    XL:     15   Next: 69%
Magic:  15/15      EV:  7    Int: 15    God:    Trog [*****.]
Gold:   866        SH:  0    Dex: 11    Spells: 14/14 levels left

rFire    + . .     SeeInvis .   a - +11 war axe "Qemaher" {flame, rPois Int+3 Dex-2}
rCold    + . .     Faith    .   (no shield)
rNeg     . . .     Spirit   .   r - +0 plate armour
rPois    +         Reflect  .   M - +2 hat
rElec    .         Harm     .   q - scarf {rC+ rF+}
rCorr    .         Rampage  .   i - +0 pair of gloves
Will     +....                  x - +0 pair of boots
Stlth    ..........             O - amulet of the acrobat
HPRegen  0.30/turn              J - ring "Voobaa" {+Inv Str-4 Int+3 Dex-2 Slay+4}
MPRegen  0.14/turn              N - +4 ring of slaying

@: corroded
A: antennae 2, thin skeletal structure 1, demonic guardian 1, spiny 2
a: Renounce Religion, Evoke Invisibility, Berserk, Trog's Hand, Brothers in Arms


You were on level 13 of the Dungeon.
You worshipped Trog.
Trog was extremely pleased with you.
You visited 3 branches of the dungeon, and saw 21 of its levels.
You also visited: Ice Cave.

You collected 3215 gold pieces.
You spent 2349 gold pieces at shops.

Inventory:

Hand Weapons
 a - the +11 war axe "Qemaher" (weapon) {flame, rPois Int+3 Dex-2}
   (You found it on level 9 of the Dungeon)

   It has been specially enchanted to burn those struck by it, causing extra
   injury to most foes and up to half again as much damage against particularly
   susceptible opponents.
   Big, fiery blades are also staple armaments of hydra-hunters.
   It affects your intelligence (+3).
   It affects your dexterity (-2).
   It protects you from poison.
 b - the +7 battleaxe "Gihumaic" {venom, +Fly}
   (You acquired it on level 2 of the Orcish Mines)

   It poisons the flesh of those it strikes.
   It lets you fly.
 p - the +5 war axe "Buonnub" {vorpal, Str+6 Stlth+}
   (Trog gifted it to you on level 2 of the Lair of Beasts)

   It inflicts extra damage upon your enemies.
   It affects your strength (+6).
   It makes you more stealthy.
 Q - a +3 antimagic battleaxe
Armour
 i - a +0 pair of gloves (worn)
 q - a scarf of resistance (worn)
 r - a +0 plate armour (worn)
 s - a +0 chain mail of fire resistance
 x - a +0 pair of boots (worn)
 G - a +2 cloak of preservation
 M - a +2 hat (worn)
Jewellery
 n - an uncursed ring of protection from cold
 y - the cursed necklace of Bloodlust {*Rage +Rage Will++ Int-3 Slay+6 *Curse}
   (You bought it in a shop on level 2 of the Orcish Mines)

   [amulet of nothing]

   It affects your intelligence (-3).
   It affects your accuracy and damage with ranged weapons and melee attacks
   (+6).
   It affects your willpower, your defense against some magical effects.
   It lets you go berserk.
   It may make you go berserk in combat.
   It curses itself when equipped.
   It has a curse placed upon it.
 H - an uncursed ring of positive energy
 J - the ring "Voobaa" (left hand) {+Inv Str-4 Int+3 Dex-2 Slay+4}
   (You found it in an ice cave)

   [ring of strength]

   It affects your strength (-4).
   It affects your intelligence (+3).
   It affects your dexterity (-2).
   It affects your accuracy and damage with ranged weapons and melee attacks
   (+4).
   It lets you turn invisible.
 L - an uncursed ring of fire
 N - a +4 ring of slaying (right hand)
 O - an amulet of the acrobat (around neck)
Wands
 j - a wand of random effects (64)
 l - a wand of flame (77) (quivered)
 w - a wand of iceblast (21)
 E - a wand of paralysis (12)
 I - a wand of disintegration (54)
 K - a wand of acid (6)
Scrolls
 f - 3 scrolls of magic mapping
 h - 2 scrolls of remove curse
 k - 5 scrolls of fear
 m - 3 scrolls of enchant weapon
 t - 2 scrolls of enchant armour
 z - 2 scrolls of blinking
 B - a scroll of silence
 C - 4 scrolls of teleportation
 D - 3 scrolls of fog
 T - a scroll of identify
Potions
 c - 6 potions of attraction
 d - a potion of flight
 e - 2 potions of heal wounds
 g - a potion of haste
 o - 11 potions of curing
 u - 4 potions of lignification
 A - 2 potions of cancellation
 P - 3 potions of might
 R - a potion of mutation
 S - a potion of ambrosia
 U - a potion of magic
Miscellaneous
 v - a tin of tremorstones (2/2)
 F - a phial of floods


   Skills:
 + Level 12.6 Fighting
 * Level 17.3 Axes
 + Level 12.8 Armour
 - Level 1.7 Dodging
 + Level 13.1 Evocations


You had 14 spell levels left.
You didn't know any spells.
Your spell library was empty.

Dungeon Overview and Level Annotations

Branches:
Dungeon (13/15)            Temple (0/1) D:5            Lair (6/6) D:10
  Swamp (0/4) Lair:2        Snake (0/4) Lair:3        Slime (0/5) Lair:5
    Orc (2/2) D:10            Elf (0/3) Orc:2        Vaults (0/5) D:13
  IceCv (visited)

Altars:
Fedhas
Makhleb
Ru
Sif Muna
Trog
Uskayaw
Vehumet
Xom
Zin
Jiyva

Shops:
D:4 }   D:8 (   D:10 *   Orc:2 :=(*


Innate Abilities, Weirdness & Mutations

You have a pair of antennae on your head.
You have a somewhat thin skeletal structure. (Dex +2, Stealth)
A weak demonic guardian rushes to your aid.
You are mostly covered in sharp spines.


Message History

The tengu reaver is heavily wounded.
Unknown command.
You completely miss the tengu reaver.
The tengu reaver is heavily wounded.
The deep troll earth mage casts a spell at you.
The wall shatters!
The blast of rock fragments hits you!
The tengu reaver is struck by your spines.
The tengu reaver hits you with a +0 long sword!
The tengu reaver pecks you but does no damage.
The tengu reaver claws you but does no damage.
Unknown command.
You slash the tengu reaver! You burn the tengu reaver.
The tengu reaver is severely wounded.
The deep troll earth mage points at you and mumbles some strange words.
The wall shatters!
The blast of rock fragments hits you! The tengu reaver casts a spell at you.
The bolt of acid hits you!!!
* * * LOW HITPOINT WARNING * * *
The acid corrodes you!
You are splashed with acid!
You die...

#...#.###.....).(....#
#≈≈....... ##....#
#............#
#≈≈.≈≈#### #....##
#............# ##≈.≈≈#
.)...# #............#
##.≈≈# # .....#
#.####..######
#.≈##### ....## #.#
###.### #.....#≈ ....#
.## #=##..# #####.≈≈
....# #T##.# #.≈≈
....# #{##Q@## #.≈≈
)...# #.#.#*##)# #.≈≈
....# #/#(##.## #.#≈
##### ##)# ### #.## ##
#... #### #


You could see a tengu reaver, a deep troll earth mage and a battlesphere.

Vanquished Creatures
  Gastronok (Lair:3)
  Donald (Orc:2)
  An orc warlord (Orc:1)
  An ettin (Orc:1)
  Josephine (Orc:1)
  2 ice dragons (IceCv)
  2 boulder beetles
  3 catoblepae (Lair:6)
  A centaur warrior (D:13)
  2 hydras
  The ghost of princeOfDonkeys the Nimble, a journeyman SpFi of Sif Muna (Orc:1)
  15 two-headed ogres
  2 dancing weapons (D:13)
  2 orc high priests
  3 ogre magi (Orc:2)
  The ghost of SmokeWeed the Slasher, a novice DsAK of Lugonu (D:10)
  19 death yaks
  Sonja (Orc:2)
  4 unseen horrors
  2 orc knights
  Pikel (D:4)
  A deep elf mage (D:13)
  2 cyclopes
  9 elephants
  An ugly thing (D:12)
  3 manticores
  6 black mambas
  A gargoyle (D:10)
  17 cane toads
  2 ice statues (IceCv)
  A kobold demonologist (D:8)
  7 rime drakes
  7 komodo dragons
  5 trolls
  2 ice devils (Lair:2)
  A hornet (shapeshifter) (D:13)
  2 hornets
  2 polar bears
  7 blink frogs (Lair:6)
  5 wraiths
  5 wyverns
  A water elemental (D:12)
  A yak (shapeshifter) (D:13)
  44 yaks
  A basilisk (Lair:6)
  A steam dragon (Lair:4)
  4 vampire mosquitoes (D:12)
  3 wargs
  A soldier ant (D:11)
  2 nagas (Lair:3)
  16 water moccasins
  An eye of draining (D:13)
  16 ice beasts
  25 orc warriors
  5 sky beasts
  2 black bears
  2 swamp drakes (Lair:4)
  2 phantoms
  9 wolves (Lair:1)
  7 centaurs
  40 ogres
  3 big kobolds
  23 bullfrogs
  7 scorpions
  A water moccasin skeleton (D:6)
  9 killer bees
  4 electric eels
  5 howler monkeys
  8 wights
  A crimson imp (D:4)
  2 bullfrog zombies
  6 hounds
  4 jellies
  19 orc wizards
  19 orc priests
  3 iguanas
  A centaur skeleton (D:8)
  12 worker ants
  A killer bee zombie (D:8)
  A hound skeleton (D:10)
  A gnoll (D:1)
  18 adders
  A shadow imp (D:10)
  4 white imps
  3 ufetubi
  2 oozes
  2 adder skeletons
  7 worms
  9 dart slugs
  7 leopard geckos
  73 orcs
  9 giant cockroaches
  7 goblins
  9 hobgoblins
  10 jackals
  24 kobolds
  5 quokkas
  10 bats
  8 frilled lizards
  A quokka zombie (D:8)
  15 rats
689 creatures vanquished.

Vanquished Creatures (collateral kills)
  An ogre mage (Orc:2)
  A boulder beetle (D:13)
  A centaur warrior (D:13)
  2 two-headed ogres
  3 death yaks (D:10)
  2 cyclopes (D:13)
  A komodo dragon (Lair:6)
  A rime drake (IceCv)
  A blink frog (Lair:6)
  2 yaks (Lair:6)
  An ice beast (IceCv)
  An orc warrior (D:7)
  A big kobold (D:8)
  A jelly (D:8)
  An orc wizard (D:6)
  A worker ant (D:8)
  An adder (D:5)
  5 orcs
  A rat (D:9)
28 creatures vanquished.

Vanquished Creatures (others)
  14 fungi
  36 plants
50 creatures vanquished.

Grand Total: 767 creatures vanquished

Notes
Turn   | Place    | Note
-------+----------+-------------------------------------------
     0 | D:1      | Gadfly the Demonspawn Berserker began the quest for the
                  | Orb.
     0 | D:1      | Reached XP level 1. HP: 18/18 MP: 1/1
   278 | D:1      | Gained mutation: You have a pair of small antennae on your
                  | head. [demonic ancestry]
   278 | D:1      | Reached XP level 2. HP: 19/24 MP: 2/2
   571 | D:1      | Reached skill level 3 in Axes
   576 | D:1      | Reached skill level 1 in Evocations
   790 | D:1      | Reached XP level 3. HP: 29/29 MP: 3/3
   801 | D:1      | Reached ** piety under Trog
  2007 | D:2      | Reached XP level 4. HP: 30/35 MP: 4/4
  2038 | D:2      | Found a blossoming altar of Fedhas.
  2727 | D:2      | Found a glowing silver altar of Zin.
  2985 | D:2      | Found a shimmering altar of Xom.
  3104 | D:3      | Found a bloodstained altar of Trog.
  3623 | D:3      | Reached *** piety under Trog
  3625 | D:3      | Gained mutation: You are partially covered in sharp spines.
                  | [demonic ancestry]
  3625 | D:3      | Reached XP level 5. HP: 41/41 MP: 5/5
  4127 | D:3      | Found a bloodstained altar of Trog.
  4139 | D:3      | You fall into a shaft and drop 1 floor!
  4140 | D:4      | Found a shimmering blue altar of Sif Muna.
  4207 | D:4      | Reached skill level 4 in Axes
  4207 | D:4      | Reached XP level 6. HP: 34/48 MP: 6/6
  5103 | D:4      | Noticed Pikel
  5135 | D:4      | Killed Pikel
  5136 | D:4      | Reached skill level 5 in Axes
  5136 | D:4      | Gained mutation: You have a somewhat thin skeletal
                  | structure. (Dex +2, Stealth) [demonic ancestry]
  5136 | D:4      | Reached XP level 7. HP: 55/55 MP: 7/7
  5183 | D:4      | Reached **** piety under Trog
  5267 | D:4      | Gained mutation: A weak demonic guardian rushes to your
                  | aid. [demonic ancestry]
  5267 | D:4      | Reached XP level 8. HP: 36/61 MP: 8/8
  5268 | D:4      | Found a burning altar of Makhleb.
  5268 | D:4      | Found a radiant altar of Vehumet.
  5457 | D:4      | Reached skill level 5 in Evocations
  5567 | D:4      | Found Hibukycs's Gadget Shoppe.
  5934 | D:5      | Entered Level 5 of the Dungeon
  5975 | D:5      | Found a staircase to the Ecumenical Temple.
  6024 | D:5      | Reached skill level 5 in Armour
  6341 | D:5      | Noticed a two-headed ogre
  6360 | D:5      | Killed a two-headed ogre
  6361 | D:5      | Reached skill level 5 in Fighting
  6361 | D:5      | Reached skill level 6 in Axes
  6361 | D:5      | Reached XP level 9. HP: 19/68 MP: 9/9
  7383 | D:6      | Found Isurch's Antique Weapon Shop.
  7442 | D:6      | Found a sacrificial altar of Ru.
  7703 | D:6      | Reached skill level 9 in Axes
  7703 | D:6      | Reached XP level 10. HP: 79/79 MP: 10/10
  8130 | D:7      | Reached ***** piety under Trog
  9092 | D:8      | Found Himaguaff's Weapon Emporium.
  9215 | D:8      | Found a hide-covered altar of Uskayaw.
  9484 | D:8      | Noticed a sun demon
  9489 | D:8      | Identified the Guide on Attacks
  9600 | D:8      | Noticed a sun demon
  9907 | D:8      | Found a bloodstained altar of Trog.
  9963 | D:8      | Reached XP level 11. HP: 84/85 MP: 11/11
 10287 | D:9      | Got a steaming diamond amulet
 10288 | D:9      | Identified the amulet "Hovilaos" {Faith rF+ Str+4 Int-5}
                  | (You found it on level 9 of the Dungeon)
 10604 | D:9      | Received a gift from Trog
 10766 | D:9      | Found a bloodstained altar of Trog.
 10794 | D:9      | Got a twisted war axe
 10795 | D:9      | Identified the +11 war axe "Qemaher" {flame, rPois Int+3
                  | Dex-2} (You found it on level 9 of the Dungeon)
 11256 | D:10     | Entered Level 10 of the Dungeon
 11370 | D:10     | Noticed a death yak
 11371 | D:10     | Found a staircase to the Lair.
 11371 | D:10     | Noticed a death yak
 11371 | D:10     | Noticed a death yak
 11372 | D:10     | Noticed a death yak
 11373 | D:10     | Noticed a death yak
 11373 | D:10     | Noticed a death yak
 11394 | D:10     | Killed a death yak
 11395 | D:10     | Reached skill level 10 in Axes
 11396 | D:10     | Killed a death yak
 11400 | D:10     | Killed a death yak
 11405 | D:10     | Killed a death yak
 11412 | D:10     | Killed a death yak
 11415 | D:10     | Killed a death yak
 11814 | D:10     | Found Emoca's General Store.
 11821 | D:10     | Bought a scroll of blinking for 105 gold pieces
 11838 | D:10     | Noticed a two-headed ogre
 11846 | D:10     | Killed a two-headed ogre
 12078 | D:10     | Found a large runed translucent door.
 12078 | D:10     | Found a large runed translucent door.
 12082 | D:10     | Noticed SmokeWeed's ghost (novice DsAK)
 12159 | D:10     | Found a staircase to the Orcish Mines.
 12756 | D:10     | Killed SmokeWeed's ghost
 12868 | Lair:1   | Entered Level 1 of the Lair of Beasts
 12885 | Lair:1   | Reached skill level 11 in Axes
 13205 | Lair:1   | Reached XP level 12. HP: 71/94 MP: 12/12
 13212 | Lair:1   | Reached skill level 10 in Armour
 13515 | Lair:1   | Noticed a seven-headed hydra
 13523 | Lair:1   | Killed a four-headed hydra
 14163 | Lair:1   | Identified a scroll of acquirement
 14164 | Lair:1   | Acquired a +2 cloak of preservation
 14239 | Lair:2   | Found a frozen archway.
 14246 | Lair:2   | Reached skill level 10 in Evocations
 14252 | Lair:2   | Received a gift from Trog
 14299 | Lair:2   | Got a brightly glowing war axe {god gift}
 14300 | Lair:2   | Identified the +5 war axe "Buonnub" {vorpal, Str+6 Stlth+}
                  | (Trog gifted it to you on level 2 of the Lair of Beasts)
 14308 | IceCv    | Entered an ice cave
 15102 | IceCv    | Noticed an ice dragon
 15102 | IceCv    | Noticed an ice dragon
 15113 | IceCv    | Killed an ice dragon
 15119 | IceCv    | Killed an ice dragon
 15378 | IceCv    | Got a warped silver ring
 15604 | IceCv    | Identified the cursed ring "Voobaa" {+Inv Str-4 Int+3 Dex-2
                  | Slay+4} (You found it in an ice cave)
 15640 | Lair:2   | Found a staircase to the Swamp.
 15646 | Lair:2   | Reached skill level 12 in Axes
 16610 | Lair:3   | Found a staircase to the Snake Pit.
 17078 | Lair:3   | Noticed Gastronok
 17090 | Lair:3   | Killed Gastronok
 17091 | Lair:3   | Reached skill level 10 in Fighting
 17091 | Lair:3   | Reached XP level 13. HP: 63/103 MP: 13/13
 17284 | Lair:3   | Acquired a manual of Axes
 18301 | Lair:4   | Reached skill level 13 in Axes
 19365 | Lair:5   | Found a viscous altar of Jiyva.
 19423 | Lair:5   | Acquired a scarf of resistance
 20214 | Lair:5   | Found a staircase to the Slime Pits.
 20538 | Lair:6   | Entered Level 6 of the Lair of Beasts
 20574 | Lair:6   | Received a gift from Trog
 20706 | Lair:6   | Reached skill level 14 in Axes
 20737 | Lair:6   | HP: 3/105 [death yak (19)]
 21251 | Lair:6   | Gained mutation: You are mostly covered in sharp spines.
                  | [demonic ancestry]
 21251 | Lair:6   | Reached XP level 14. HP: 113/113 MP: 14/14
 21578 | Lair:6   | Reached skill level 15 in Axes
 22197 | Lair:6   | Received a gift from Trog
 23189 | Orc:1    | Entered Level 1 of the Orcish Mines
 23217 | Orc:2    | Entered Level 2 of the Orcish Mines
 23222 | Orc:2    | Found a staircase to the Elven Halls.
 23222 | Orc:2    | Noticed Josephine
 23223 | Orc:2    | Noticed Donald
 23233 | Orc:2    | Noticed Sonja
 23243 | Orc:1    | Killed Josephine
 23310 | Orc:2    | Killed Sonja
 23318 | Orc:1    | Reached skill level 16 in Axes
 23628 | Orc:2    | Killed Donald
 24007 | Orc:1    | Reached ****** piety under Trog
 24244 | Orc:1    | Received a gift from Trog
 24352 | Orc:1    | Noticed an orc warlord
 24672 | Orc:1    | Killed an orc warlord
 25182 | Orc:1    | Noticed princeOfDonkeys's ghost (journeyman SpFi)
 25183 | Orc:1    | Found a transporter.
 25183 | Orc:1    | Identified the +3 great mace of Blood-Lust {vorpal, rElec
                  | Will+++ Str-2 SInv}
 25493 | Orc:1    | Found a transporter.
 25512 | Orc:1    | Killed princeOfDonkeys's ghost
 25780 | Orc:1    | Identified Boxaq's Incunabulum of Ashen Displacement
 25897 | Orc:2    | Paralysed by an ogre mage for 2 turns
 25909 | Orc:2    | Gained mutation: You have a pair of antennae on your head.
                  | [demonic ancestry]
 25909 | Orc:2    | Reached XP level 15. HP: 117/120 MP: 15/15
 25910 | Orc:2    | Paralysed by an ogre mage for 3 turns
 25921 | Orc:2    | Received a gift from Trog
 26265 | Orc:2    | Paralysed by an ogre mage for 3 turns
 26274 | Orc:2    | HP: 4/121 [ogre mage/bolt of lightning (35)]
 26791 | Orc:2    | Reached skill level 17 in Axes
 26836 | Orc:2    | Found Medd's Book Emporium.
 26836 | Orc:2    | Found Xeushrad's Weapon Shop.
 26862 | Orc:2    | Found Inexzati's Jewellery Shop.
 26862 | Orc:2    | Found Jeipoesu's Assorted Antiques.
 26871 | Orc:2    | Bought a scroll labelled BINAESH PAUM for 34 gold pieces
 27029 | Orc:2    | Bought a scroll of acquirement for 1768 gold pieces
 27029 | Orc:2    | Acquired the +7 battleaxe "Gihumaic" {venom, +Fly}
 27041 | Orc:2    | Bought the cursed necklace of Bloodlust {*Rage +Rage Will++
                  | Int-3 Slay+6 *Curse} for 442 gold pieces
 27041 | Orc:2    | Found the cursed necklace of Bloodlust {*Rage +Rage Will++
                  | Int-3 Slay+6 *Curse}
 28009 | D:12     | Paralysed by a hornet for 2 turns
 29347 | D:13     | Found a gate to the Vaults.
 30472 | D:13     | Noticed a tengu reaver
 30486 | D:13     | HP: 2/122 [tengu reaver/bolt of acid (43)]
 30486 | D:13     | Splashed by a tengu reaver's acid

Illustrated notes

Levels and vault maps discovered:
D:1:      dpeg_arrival_three_smaller_balls, layout_loops_corners,
          minmay_misc_feat_encased, minmay_misc_feat_rows, minmay_tromino_v7
D:2:      layout_loops_corners, zin_statuary, old_standard_altar,
          lemuel_coloured_pillars_altar, kennysheep_generic_room_3
D:3:      kb_forest_paths, layout_loops_ring, lemuel_crystal_altar,
          trog_three_pillars_becter
D:4:      layout_loops_ring, grunt_temple_overflow_lords_of_destruction,
          old_standard_altar, serial_shops, nicolae_shop_stone, moated_statue,
          hangedman_decor_riveting, uniq_pikel
D:5:      minmay_chambers_of_threes, layout_rooms,
          minmay_temple_entry_overgrown, serial_bayou, serial_bayou_lagoon_a,
          serial_bayou_crossing, serial_bayou_lagoon_b, serial_bayou_pond_b,
          grunt_ministairs_8
D:6:      layout_rooms, kennysheep_mini_moat, serial_shops, shop
D:7:      layout_cave_pods, grunt_decor_mini_mirrors
D:8:      minmay_the_grid_square_5x5_3x3 [minmay_the_grid_square_5x5_detours,
          minmay_the_grid_square_5x5_n_small, minmay_the_grid_square_5x5_mess,
          minmay_the_grid_square_5x5_checkered_statues,
          minmay_the_grid_square_5x5_megaprize_diamond,
          minmay_the_grid_square_5x5_tetrominoes,
          minmay_the_grid_square_5x5_inner_v,
          minmay_the_grid_square_5x5_misaligned, minmay_the_grid_square_5x5_v],
          layout_rooms, eat_drink_and_be_merry_uskayaw, serial_shops, shop,
          trog_hazing_becter
D:9:      layout_loops_ring, tgw_trog
D:10:     layout_irregular_city, dpeg_lair_monsters, orc_0_dummy, serial_shops,
          kennysheep_little_box, ebering_ghost_disaster_area
D:11:     layout_basic, hangedman_decor_slide_cut, hangedman_decor_growths
D:12:     layout_irregular_city
D:13:     minmay_glassy_protrusions, layout_basic, erik_vaults_1
Lair:1:   layout_loops_ring, grunt_forest_small_clearings
Lair:2:   layout_regular_city, swamp_mist_pool, portal_ice_cave_demonic_guard,
          serial_bayou_shore_b, grunt_megastairs_5
Lair:3:   layout_cave_pods, guppyfry_snake_entry_island, uniq_gastronok
Lair:4:   layout_gridlike, guppyfry_lair_drakes, grunt_megastairs_1,
          infiniplex_staircase_pool_2
Lair:5:   layout_cave_pods, slime_altar_1, st_stairs_12
Lair:6:   evilmike_catoblepas_cave, layout_cave_pods
Orc:1:    cheibrodos_orc_arena, layout_diamond_mine, gammafunk_ghost_smash
Orc:2:    st_orc_ogre_mass, layout_diamond_mine, uniq_sonja, uniq_josephine,
          uniq_donald

Skill      XL: |  1  2  3  4  5  6  7  8  9 10 11 12 13 14 15 |
---------------+----------------------------------------------+-----
Armour         | 2 3 4 5 8 9 10 11 12 | 12.8
Axes           | 3 4 5 6 9 11 12 14 16 17 | 17.3
Evocations     | 1 2 4 6 8 9 10 11 12 13 | 13.1
Fighting       | 4 5 7 8 10 11 12 | 12.6
Dodging        | |  1.7

Action                   |  1- 3 |  4- 6 |  7- 9 | 10-12 | 13-15 || total
-------------------------+-------+-------+-------+-------+-------++-------
Melee: Hand axe          |   145 |   212 |    45 |       |       ||   402
       Whip              |       |       |   103 |   142 |       ||   245
       War axe           |       |       |       |   379 |   660 ||  1039
       Battleaxe         |       |       |       |    24 |     8 ||    32
Invok: Berserk           |       |     1 |     1 |     2 |     3 ||     7
       Trog's Hand       |       |       |     1 |     2 |       ||     3
       Brothers in Arms  |       |       |       |     3 |     1 ||     4
 Abil: Evoke Invisibilit |       |       |       |     1 |       ||     1
Evoke: Wand              |       |     1 |       |       |    20 ||    21
       Tin of tremorston |       |       |       |     1 |       ||     1
  Use: Scroll            |     3 |     4 |     6 |    13 |    11 ||    37
       Potion            |     2 |     1 |     3 |     4 |     4 ||    14
 Stab: Distracted        |       |       |     2 |     3 |     6 ||    11
       Invisible         |       |       |       |     1 |       ||     1
Armor: Ring mail         |    40 |       |       |       |       ||    40
       Animal skin       |     2 |       |       |       |       ||     2
       Chain mail        |    35 |   106 |    78 |     8 |       ||   227
       Plate armour      |       |       |       |   307 |   356 ||   663
Dodge: Dodged            |    91 |    73 |    49 |   164 |   197 ||   574
